AoeStats
← 1000ei

Glade

510569604Analyzed
1v1 RM · 21h ago on Oct 1, 2026· 15m 0s· 2 players
Game mode
Random Map
Map size
Tiny (2 player)
Population
200
Speed
Normal
Resources
Standard
Victory
Conquest
Starting age
Dark Age
Ending age
Imperial Age
RankedLock teamsTeams togetherTeam positionsShared explorationLock speedFull tech treeHidden civsTurbo modeCheats
Victory
Defeat
🇳🇴 Japanese · Norway
1222
+18
🇦🇷 Persians · Argentina
1255
-18
Charlie_baemilio
9:43 Loom
11:48 Feudal Age
12:08 Man-at-Arms
12:34 Arson
12:36 Double-Bit Axe
12:34 Horse Collar
15:02 Wheelbarrow
1000ei
10:31 Feudal Age
9:53 Loom
11:00 Double-Bit Axe
12:01 Horse Collar
15:14 Fletching
Connection lost

Rejoining the realm…

Still unreachable

The connection could not be restored.

Session expired

The server has moved on; the page needs a fresh start.